cohdb
Replays
Latest Replays
All Replays
Popular Replays
Top Player Replays
Match Explorer
How It Works
Community
CoH3 Stats
Reddit
Sign in to upload your games and track your stats! →
Sign in with Steam
Match 42145444
Unlisted
Match 42145444
Overview
Messages
Build Orders
End
Kradschützen Motorcycle Team
Selects Panzerjäger Kommand Battlegroup
Panzerpioneer Squad
Panzerpioneer Squad
250 Light Carrier
Construct Light Support Kompanie
MG34 Team
Fire Support Elements
Selects Mine Fields
Selects GrB 39 Grenade Launcher Requisition
Assault Mechanized Group
Knight of Holy Shit Order
Dave
Carliber
12azzmatazz
0
0
Comments
sign in to comment!
No comments posted yet!